 Dungeon Crawl Stone Soup version 0.23-a0-416-g33f1def (webtiles) character file.

15 XanderDroid the Covered (level 2, 19/19 HPs)
             Began as a Gargoyle Fighter on Nov 9, 2018.
             Quit the game on level 1 of the Dungeon.
             The game lasted 00:02:46 (361 turns).

XanderDroid the Covered (Gargoyle Fighter)           Turns: 361, Time: 00:02:46

Health: 19/19      AC:  9    Str: 19    XL:     2   Next: 50%
Magic:  2/2        EV:  7    Int:  8    God:
Gold:   23         SH:  9    Dex:  9    Spells: 1/1 levels left

rFire    . . .     SeeInvis .   a - +0 flail
rCold    . . .     Gourm    .   c - +0 shield
rNeg     + . .     Faith    .   b - +0 scale mail
rPois    ∞         Spirit   .   (no helmet)
rElec    +         Reflect  .   (no cloak)
rCorr    .         Harm     .   (no gloves)
MR       .....                  (no boots)
Stlth    ..........             (no amulet)
HPRegen  0.06/turn              (no ring)
MPRegen  0.08/turn              (no ring)

@: no status effects
A: negative energy resistance 1, electricity resistance, unbreathing,
petrification resistance, rot immunity, AC +2
a: no special abilities


You were on level 1 of the Dungeon.
You were not hungry.

You visited 1 branch of the dungeon, and saw 1 of its levels.

You collected 23 gold pieces.

Inventory:

Hand Weapons
 a - a +0 flail (weapon)
Armour
 b - a +0 scale mail (worn)
 c - a +0 shield (worn)
Scrolls
 e - a scroll of teleportation {unknown}
 h - 2 scrolls of remove curse {unknown}
Potions
 d - a potion of might
Comestibles
 f - a ration
 g - 4 chunks of flesh


   Skills:
 + Level 3.5 Fighting
 + Level 2.1 Maces & Flails
 + Level 3.6 Armour
 + Level 3.5 Shields


You had one spell level left.
You didn't know any spells.
Your spell library was empty.

Dungeon Overview and Level Annotations

Branches:
Dungeon (1/15)

Altars:


Innate Abilities, Weirdness & Mutations

You are resistant to torment.
Your stone body is resilient. (AC +2)
You are immune to poison.
You resist negative energy. (rN+)
You are resistant to electric shocks. (rElec)
You can survive without breathing.
You are immune to petrification.
You are immune to rotting.


Message History

You closely miss the kobold. You block the kobold's attack.
The kobold hits you but does no damage.
You hit the kobold.
The kobold is heavily wounded.
The kobold hits you but does no damage.
You closely miss the kobold.
The kobold is heavily wounded.
You block the kobold's attack. The kobold barely misses you.
You barely miss the kobold.
The kobold is heavily wounded.
The kobold hits you but does no damage.
Your shield and scale mail prevent you from hitting the kobold.
The kobold is heavily wounded.
You block the kobold's attack.
You hit the kobold.
You kill the kobold!
You see here a bat skeleton.
Some of the chunks of flesh in your inventory have rotted away.
You see here a bat skeleton.
Are you sure you want to abandon this character and quit the game? (Confirm

##.# #.# #.# #>#
#.# ##.### .#.#
.....# #.#.#
.....###.# #.#.#
.# .........#
#.#.# .#
.....#########.#.#
.# ......##
##.##.#@# .#
......>###.#.#.#.#
K# ##
.####..##.###).#.#
.#..#..
.........##
##...##.....#
..####.##.#
#....÷...# #.##
#.#
#.#.#######...#
...###.# #.# .##
.......# #.# #
.).##### # #


There were no monsters in sight!

Vanquished Creatures
  A giant cockroach (D:1)
  2 goblins (D:1)
  3 hobgoblins (D:1)
  A kobold (D:1)
  4 bats (D:1)
  A frilled lizard (D:1)
  2 rats (D:1)
14 creatures vanquished.

Notes
Turn   | Place    | Note
-------+----------+-------------------------------------------
     0 | D:1      | XanderDroid the Gargoyle Fighter began the quest for the
                  | Orb.
     0 | D:1      | Reached XP level 1. HP: 14/14 MP: 1/1
   139 | D:1      | Reached XP level 2. HP: 17/19 MP: 2/2
   361 | D:1      | Quit the game

Vault maps used:
D:1:      eino_arrival_water_star

Action                   || total
-------------------------++-------
Melee: Flail             ||    42
Armor: Scale mail        ||    26
Dodge: Dodged            ||    19
Block: Shield            ||    22

Table legend:
 A = Non-vault XP
 B = Vault XP
 C = Vault XP percentage of total XP
 D = Non-vault monster count
 E = Vault monster count
 F = Vault count percentage of total count
                 A         B        C        D         E       F
            +---------+---------+-------+---------+---------+-------
      Total |      22 |       0 |   0.0 |      14 |       0 |   0.0
            +---------+---------+-------+---------+---------+-------
        D:1 |      22 |       0 |   0.0 |      14 |       0 |   0.0
            +---------+---------+-------+---------+---------+-------
